AoeStats
← TheAtani

Arabia

506685597Analyzed
1v1 RM · 17d ago on Sep 14, 2026· 57m 10s· 2 players
Game mode
Random Map
Map size
Tiny (2 player)
Population
200
Speed
Normal
Resources
Standard
Victory
Conquest
Starting age
Dark Age
Ending age
Imperial Age
RankedLock teamsTeams togetherTeam positionsShared explorationLock speedFull tech treeHidden civsTurbo modeCheats
Victory
Defeat
🇩🇪 Mongols · Germany
902
+16
🇮🇳 Lithuanians · India
908
-16
-__oLLe_WiLSoN__--
0:26 Loom
9:29 Feudal Age
10:27 Double-Bit Axe
17:48 Horse Collar
21:57 Castle Age
27:13 Wheelbarrow
26:56 Elite Skirmisher
29:56 Forging
29:37 Fletching
31:40 Fletching
32:56 Bodkin Arrow
33:13 Heavy Plow
35:07 Ballistics
39:38 Imperial Age
37:24 Hand Cart
37:01 Pikeman
39:03 Husbandry
39:40 Iron Casting
42:03 Squires
42:15 Bracer
43:16 Blast Furnace
43:27 Chemistry
42:27 Heavy Camel Rider
46:28 Blast Furnace
48:16 Light Cavalry
TheAtani
5:47 Loom
8:31 Feudal Age
9:45 Double-Bit Axe
18:47 Wheelbarrow
20:35 Castle Age
21:03 Scale Barding Armor
20:49 Gold Mining
20:41 Horse Collar
21:13 Bloodlines
21:38 Husbandry
25:17 Chain Barding Armor
26:15 Forging
26:18 Bow Saw
26:09 Heavy Plow
26:50 Wheelbarrow
28:23 Stone Mining
33:45 Hand Cart
33:16 Town Watch
37:26 Padded Archer Armor
37:17 Fletching
38:02 Iron Casting
37:29 Town Patrol
38:49 Stone Shaft Mining
38:32 Leather Archer Armor
38:01 Elite Skirmisher
38:47 Thumb Ring
44:08 Imperial Age
42:53 Hill Forts
45:23 Ballistics
45:00 Murder Holes
44:58 Cavalier
57:26 Plate Barding Armor
Connection lost

Rejoining the realm…

Still unreachable

The connection could not be restored.

Session expired

The server has moved on; the page needs a fresh start.